 Dungeon Crawl Stone Soup version 0.19-a0-1218-gcd7aee6 (webtiles) character file.

8 Ishikawa the Magician (level 2, 0/20 HPs)
             Began as a Mummy Wizard on Aug 24, 2016.
             Slain by a hobgoblin (2 damage)
             ... on level 1 of the Dungeon.
             The game lasted 00:02:03 (118 turns).

Ishikawa the Magician (Mummy Wizard)                 Turns: 118, Time: 00:02:04

Health: 0/20       AC:  2    Str: 10    XL:     2   Next: 0%
Magic:  3/6        EV: 12    Int: 17    God:
Gold:   0          SH:  0    Dex: 10    Spells: 1 memorised, 6 levels left

rFire  x . .     SeeInvis .     e - +0 short sword
rCold  + . .     Gourm    .     a - +0 robe
rNeg   + + +     Faith    .     (no shield)
rPois  ∞         Spirit   .     b - +0 hat
rElec  .         Dismiss  .     (no cloak)
rCorr  .         Reflect  .     (no gloves)
MR     .....     Harm     .     (no boots)
Stlth  ++........               (no amulet)
                                (no ring)
                                (no ring)

@: no status effects
A: no food or potions, fire vulnerability, cold resistance 1, negative energy
resistance 3, torment resistance, unbreathing
a: no special abilities


You were on level 1 of the Dungeon.
You were not hungry.

You visited 1 branch of the dungeon, and saw 1 of its levels.

Inventory:

Hand Weapons
 e - a +0 short sword (weapon)
Armour
 a - a +0 robe (worn)
 b - a +0 hat (worn)
Jewellery
 d - an uncursed ring of poison resistance {unknown}
Scrolls
 f - a scroll of teleportation {unknown}
 g - a scroll of magic mapping {unknown}
Books
 c - a book of Minor Magic

   Spells                             Type                      Level
   a - Magic Dart                     Conjuration                  1
   b - Blink                          Translocation                2
   c - Call Imp                       Summoning                    2
   d - Repel Missiles                 Charms/Air                   2
   e - Slow                           Hexes                        2
   f - Conjure Flame                  Conjuration/Fire             3
   g - Mephitic Cloud                 Conjuration/Poison/Air       3


   Skills:
 + Level 0.4 Fighting
 - Level 1.5 Dodging
 - Level 1.5 Stealth
 + Level 3.2 Spellcasting
 + Level 1.0 Conjurations
   Level 0.7 Summonings
   Level 0.7 Translocations


You had 6 spell levels left.
You knew the following spells:

 Your Spells              Type           Power        Failure   Level  Hunger
a - Magic Dart            Conj           #...         14%         1    N/A

Dungeon Overview and Level Annotations

Branches:
Dungeon (1/15)

Altars:


Innate Abilities, Weirdness & Mutations

You do not eat or drink.
Your flesh is vulnerable to fire.
You are immune to poison.
Your flesh is cold resistant. (rC+)
You are immune to negative energy. (rN+++)
You are immune to unholy pain and torment.
You can survive without breathing.


Message History

The bat hits you but does no damage. The bat barely misses you.
The bat hits you but does no damage. The bat hits you but does no damage.
The bat hits you. The bat barely misses you.
You miss the bat. The bat hits you.
* * * LOW HITPOINT WARNING * * *
The bat barely misses you. The bat barely misses you.
You barely miss the bat. The bat barely misses you.
You completely miss the rat. The rat closely misses you.
The hobgoblin hits you.
* * * LOW HITPOINT WARNING * * *
You completely miss the rat. The rat barely misses you.
The hobgoblin hits you but does no damage.
You hit the rat.
You kill the rat!
You have reached level 2!
The bat barely misses you. The hobgoblin hits you.
You die...

### ########## #.####
#......... #....#
#.........
###.##.#########.........
#>......@†.....'.........
#.#..#.#g#b#.#.#.........
#.#..#..#.#.#.##.........
#.#....#.#.#.#.#.........
#.##....#.#.#.##.........
#.##...#.#<#.#.#.........
#...#...#.#.#.##......)..
#......#.#.#.#.##########
#......+#.#.#.## #


You could see a hobgoblin and a bat.

Vanquished Creatures
  An ooze (D:1)
  A goblin (D:1)
  3 rats (D:1)
5 creatures vanquished.

Notes
Turn   | Place    | Note
-------+----------+-------------------------------------------
     0 | D:1      | Ishikawa the Mummy Wizard began the quest for the Orb.
     0 | D:1      | Reached XP level 1. HP: 13/13 MP: 4/4
    80 | D:1      | Reached skill level 1 in Conjurations
   118 | D:1      | Reached XP level 2. HP: 2/20 MP: 3/6
   118 | D:1      | Slain by a hobgoblin

Vault maps used:
D:1:      lightli_arrival_chessboard

Skill      XL: |  1 |
---------------+----+-----
Conjurations   | 1 |  1.0
Fighting       | |  0.4
Dodging        | |  1.5
Stealth        | |  1.5
Spellcasting   | |  3.2
Summonings     | |  0.7
Translocations | |  0.7

Action                   || total
-------------------------++-------
Melee: Short sword       ||    15
       Unarmed           ||     1
 Cast: Magic Dart        ||     8
Armor: Robe              ||    12
Dodge: Dodged            ||    31
